 Dungeon Crawl Stone Soup version 0.20-a0-453-g91466d2 (webtiles) character file.

751 Kriby the Skirmisher (level 7, -4/59 HPs)
             Began as a Mummy Fighter on Jan 8, 2017.
             Slain by an ogre
             ... wielding a +0 giant club
              (24 damage)
             ... on level 4 of the Dungeon.
             The game lasted 00:06:35 (3930 turns).

Kriby the Skirmisher (Mummy Fighter)                Turns: 3930, Time: 00:06:36

Health: -4/59      AC:  9    Str: 20    XL:     7   Next: 49%
Magic:  7/7        EV:  7    Int: 16    God:
Gold:   171        SH:  8    Dex: 10    Spells: 6/6 levels left

rFire  . . .     SeeInvis .     a - +0 war axe
rCold  + + .     Gourm    .     b - +0 scale mail
rNeg   + + +     Faith    .     c - +0 shield
rPois  ∞         Spirit   .     k - +2 helmet of Spring Thaw {rC+ MR+ Int+8 Dex-2}
rElec  .         Reflect  .     (no cloak)
rCorr  .         Harm     .     (no gloves)
MR     +....                    (no boots)
Stlth  ..........               (no amulet)
                                (no ring)
                                l - ring of protection from fire

@: no status effects
A: no food or potions, fire vulnerability, cold resistance 1, negative energy
resistance 3, torment resistance, unbreathing
a: no special abilities


You were on level 4 of the Dungeon.
You were not hungry.

You visited 1 branch of the dungeon, and saw 4 of its levels.

You collected 171 gold pieces.

Inventory:

Hand Weapons
 a - a +0 war axe (weapon)
Missiles
 i - 4 silver tomahawks (quivered)
Armour
 b - a +0 scale mail (worn)
 c - a +0 shield (worn)
 k - the +2 helmet of Spring Thaw (worn) {rC+ MR+ Int+8 Dex-2}
   (You took it off Robin on level 2 of the Dungeon)

   It affects your intelligence (+8).
   It affects your dexterity (-2).
   It protects you from cold.
   It affects your resistance to hostile enchantments.
Jewellery
 l - a ring of protection from fire (left hand)
Wands
 j - a wand of polymorph (4/24)
 n - a wand of polymorph (1/24)
Scrolls
 d - 3 scrolls of remove curse
 e - 3 scrolls of identify
 f - 2 scrolls of fear {unknown}
 g - 2 scrolls of fog {unknown}
 h - 2 scrolls of teleportation {unknown}
 m - 2 scrolls of enchant weapon {unknown}


   Skills:
 * Level 6.3 Fighting
 + Level 4.0 Axes
 + Level 3.3 Throwing
 - Level 2.4 Armour
 - Level 2.4 Shields


You had 6 spell levels left.
You didn't know any spells.

Dungeon Overview and Level Annotations

Branches:
Dungeon (4/15)
 Temple: D:4-7

Altars:
Dithmenos


Innate Abilities, Weirdness & Mutations

You do not eat or drink.
Your flesh is vulnerable to fire.
You are immune to poison.
Your flesh is cold resistant. (rC+)
You are immune to negative energy. (rN+++)
You are immune to unholy pain and torment.
You can survive without breathing.


Message History

The ogre hits you with a giant club!
You closely miss the ogre.
The ogre is moderately wounded.
You block the ogre's attack.
You barely miss the ogre.
The ogre is moderately wounded.
The ogre hits you with a giant club!
You completely miss the ogre.
The ogre is moderately wounded.
The ogre hits you with a giant club.
You hit the ogre.
The ogre is heavily wounded.
You block the ogre's attack.
You slash the ogre!
The ogre is severely wounded.
The ogre hits you with a giant club! The ogre barely misses you.
You hit the ogre but do no damage.
The ogre is severely wounded.
The ogre hits you with a giant club!!
You die...

......##..............##.##.#....
########.##........##.##.##.#.###
#.##........##.##......# ####
#(##........##.####...##
.).#####.##.##........# #...####
##.##.....#.##........####...#...
##.##.....%....#.#.##...........(
##.##.......##.#O#...............
##.##.....####.#@####...>........
##.##.....# #.#.####.##.#.....##
)..######## #.#......##.#.......
#### ########.#########.#....###
# #......#.# #.#....# #
#.####.#.# #.##.#.### ###
#.#......# ######).......) ..#
#.#.##<### #....<)##.#....
#.#####.#.##.# ##......##......


You could see an ogre.

Vanquished Creatures
  Grinder (D:4)
  Duvessa (D:4)
  Dowan (D:4)
  2 orc priests
  Jessica (D:3)
  Ijyb (D:3)
  Natasha (D:4)
  Terence (D:3)
  An orc wizard (D:3)
  2 worker ants (D:4)
  Robin (D:2)
  7 adders
  A worm (D:4)
  3 dart slugs
  2 leopard geckos
  6 orcs
  3 giant cockroaches
  17 goblins
  7 hobgoblins
  11 jackals
  3 quokkas
  6 bats
  2 frilled lizards (D:3)
  9 kobolds
  3 rats
93 creatures vanquished.

Notes
Turn   | Place    | Note
-------+----------+-------------------------------------------
     0 | D:1      | Kriby the Mummy Fighter began the quest for the Orb.
     0 | D:1      | Reached XP level 1. HP: 18/18 MP: 1/1
    92 | D:1      | Reached skill level 1 in Throwing
    93 | D:1      | Reached XP level 2. HP: 24/24 MP: 2/2
   737 | D:2      | Found a shadowy altar of Dithmenos.
   748 | D:2      | Reached XP level 3. HP: 29/29 MP: 3/3
  1197 | D:2      | Reached XP level 4. HP: 20/37 MP: 4/4
  1374 | D:2      | Noticed Robin
  1390 | D:2      | Killed Robin
  1406 | D:2      | Got a bloodstained helmet
  1412 | D:2      | Identified the +2 helmet of Spring Thaw {rC+ MR+ Int+8 Dex-2} (You took it off Robin on level 2 of the Dungeon)
  1803 | D:3      | Noticed Ijyb
  1812 | D:3      | Reached skill level 4 in Fighting
  1819 | D:3      | Killed Ijyb
  1862 | D:3      | Reached XP level 5. HP: 41/42 MP: 5/5
  2092 | D:3      | Noticed Jessica
  2099 | D:3      | Killed Jessica
  2331 | D:3      | Noticed Terence
  2345 | D:3      | Killed Terence
  2439 | D:3      | Reached XP level 6. HP: 50/50 MP: 6/6
  2625 | D:4      | Reached skill level 5 in Fighting
  3006 | D:4      | Noticed Natasha
  3022 | D:4      | Killed Natasha
  3228 | D:4      | Noticed Grinder
  3253 | D:4      | Paralysed by Grinder for 4 turns
  3269 | D:4      | Killed Grinder
  3269 | D:4      | Reached XP level 7. HP: 43/57 MP: 7/7
  3388 | D:4      | Noticed Dowan
  3390 | D:4      | Noticed Duvessa
  3421 | D:4      | Killed Duvessa
  3421 | D:4      | Reached skill level 6 in Fighting
  3423 | D:4      | Killed Dowan
  3930 | D:4      | Slain by an ogre

Vault maps used:
D:1:      dpeg_arrival_stonehenge_8_columns, moated_statue,
          serial_bayou_crossing
D:2:      lemuel_crystal_altar, fountainhead, uniq_robin
D:3:      uniq_iyjb, uniq_terence, uniq_jessica
D:4:      nemelex_xobeh_ov_fountains_minmay, kennysheep_mini, tgw_sif,
          uniq_duvessa, uniq_natasha, uniq_grinder

Skill      XL: |  1  2  3  4  5  6  7 |
---------------+----------------------+-----
Throwing       | 1 2 3 |  3.3
Axes           | 2 3 4 |  4.0
Fighting       | 4 5 6 |  6.3
Armour         | |  2.4
Shields        | |  2.4

Action                   |  1- 3 |  4- 6 |  7- 9 || total
-------------------------+-------+-------+-------++-------
Melee: War axe           |   109 |   223 |    59 ||   391
Throw: Tomahawk          |    14 |     1 |       ||    15
Evoke: Wand              |       |     1 |     2 ||     3
  Use: Scroll            |       |     1 |     2 ||     3
Armor: Scale mail        |    57 |   121 |    26 ||   204
Dodge: Dodged            |    51 |    64 |    14 ||   129
Block: Shield            |    66 |   115 |    32 ||   213
